 Dungeon Crawl Stone Soup version 0.31-a0-844-gdc52ec4e09 (webtiles) character file.

Game seed: 11320940253095218077

609 javelincjr the Sneak (level 7, -6/41 HPs)
             Began as an Octopode Conjurer on Sept 29, 2023.
             Was a Believer of Fedhas.
             Mangled by Pikel
             ... wielding a +1 whip of electrocution
              (10 damage)
             ... on level 5 of the Dungeon.
             The game lasted 00:13:16 (4297 turns).

javelincjr the Sneak (Octopode Conjurer)            Turns: 4297, Time: 00:13:16

Health: -6/41      AC:  1    Str: 12    XL:     7   Next: 43%
Magic:  12/12      EV: 14    Int: 22    God:    Fedhas [**....]
Gold:   219        SH:  0    Dex: 11    Spells: 7/13 levels left

rFire   . . .        l - +4 quarterstaff (chaos)
rCold   . . .        (shield currently unavailable)
rNeg    . . .        (helmet restricted)
rPois   .            (no amulet)
rElec   .            i - +6 ring of strength
rCorr   .            (no ring)
SInv    .            (no ring)
Will    .....        (no ring)
Stlth   ++++         (no ring)
HPRegen 0.26/turn    (no ring)
MPRegen 0.13/turn    (no ring)
                     (no ring)

%: no passive effects
@: no status effects
A: almost no armour, amphibious, 8 rings, camouflage 1, gelatinous body 1,
(nimble swimmer 1), tentacles
a: Renounce Religion, Wall of Briars


You were on level 5 of the Dungeon.
You worshipped Fedhas.
Fedhas was pleased with you.
You visited 1 branch of the dungeon, and saw 5 of its levels.
You also visited: Sewer.

You collected 307 gold pieces.
You spent 88 gold pieces at shops.

Inventory:

Hand Weapons
 l - a +4 quarterstaff of chaos (weapon)
 x - the +2 dagger of the Orange Skies {freeze, +Blink rC- rN+++ Dex-3}
   (You found it on level 4 of the Dungeon)

   Dex-3:     It affects your dexterity (-3).
   rC-:       It makes you vulnerable to cold.
   rN+++:     It renders you almost immune to negative energy.
   +Blink:    It lets you blink.
Missiles
 r - 20 poisoned darts
 y - 3 boomerangs
Jewellery
 i - a +6 ring of strength (left tentacle)
 t - a +6 ring of strength
Scrolls
 d - 5 scrolls of identify {unknown}
 e - a scroll of enchant weapon {unknown}
 h - a scroll of blinking {unknown}
 j - 3 scrolls of poison {unknown}
 m - a scroll of fear {unknown}
 o - a scroll of amnesia {unknown}
 u - a scroll of fog {unknown}
Potions
 a - a potion of magic
 b - 2 potions of curing
 c - a potion of degeneration {unknown}
 f - 3 potions of heal wounds
 g - a potion of attraction {unknown}
 k - a potion of mutation {unknown}
 n - 3 potions of haste {unknown}
 p - 4 potions of cancellation {unknown}
 q - 2 potions of invisibility {unknown}
 s - a potion of might {unknown}
 v - a potion of berserk rage {unknown}
 w - a potion of ambrosia {unknown}
 z - a potion of enlightenment {unknown}


   Skills:
 + Level 1.6 Staves
 + Level 3.9 Dodging
 + Level 5.8 Stealth
 * Level 3.9 Spellcasting
 * Level 5.4 Conjurations
 + Level 1.7 Invocations


You had 7 spell levels left.
You knew the following spells:

 Your Spells              Type           Power      Damage    Failure   Level
a - Magic Dart            Conj           100%       1d8       1%          1
b - Searing Ray           Conj           56%        2d6       1%          2
c - Stone Arrow           Conj/Erth      32%        3d9       11%         3

Your spell library contained the following spells:

 Spells                   Type           Power      Damage    Failure   Level
 Static Discharge         Conj/Air       32%        2-4/arc   5%          2
 Dazzling Flash           Conj/Hex       32%        N/A       11%         3
 Sandblast                Erth           8%         2d5       12%         1
 Summon Small Mammal      Summ           16%        N/A       12%         1
 Passwall                 Tmut/Erth      3%         N/A       17%         2
 Sublimation of Blood     Necr           4%         N/A       17%         2
 Wereblood                Tmut           4%         N/A       17%         2
 Call Canine Familiar     Summ           4%         N/A       34%         3
 Summon Guardian Golem    Hex/Summ       4%         N/A       34%         3
 Tukima's Dance           Hex            4%         N/A       34%         3
 Volatile Blastmotes      Fire/Tloc      8%         2d10      34%         3
 Brom's Barrelling Bould  Conj/Erth      16%        2d4       36%         4
 Fulminant Prism          Conj/Hex       8%         3d7       36%         4
 Iskenderun's Mystic Bla  Conj/Tloc      16%        2d5       36%         4
 Airstrike                Air            2%         2d(1-17)  75%         4
 Passage of Golubria      Tloc           4%         N/A       75%         4
 Summon Lightning Spire   Summ/Air       4%         N/A       75%         4
 Yara's Violent Unravell  Hex/Tmut       2%         3d3       97%         5
 Starburst                Conj/Fire      8%         6d4       99%         6
 Summon Hydra             Summ           2%         N/A       100%        7
 Maxwell's Capacitive Co  Air            2%         ∞         100%        8


Dungeon Overview and Level Annotations

Branches:
Dungeon (5/15)             Temple (0/1) D:4           Sewer (visited)

Altars:
Dithmenos
Fedhas

Shops:
D:2 (??(!

Annotations:
D:5 Pikel


Innate Abilities, Weirdness & Mutations

You cannot wear most types of armour.
You are amphibious.
You can wear up to eight rings at the same time.
Your skin changes colour to match your surroundings (Stealth+).
Your rubbery body absorbs attacks. (AC +1, EV +1)
((You are camouflaged when in or above water. (Stealth+)))
You have tentacles for arms and can constrict up to eight enemies at once.


Message History

No target in view!
You start resting.
HP restored.
You start resting.
Magic restored.
You climb downwards.
Level annotation: Pikel The lemure hits you!
Pikel completely misses you. The adder bites you. The lemure barely misses you.
Pikel completely misses you. The adder barely misses you.
There is a stone staircase leading up here.
You barely miss Pikel. Your grab misses Pikel.
You tentacle-slap Pikel, but do no damage.
The lemure barely misses you.
Pikel hits you with a +1 whip of electrocution.
The adder closely misses you.
You closely miss Pikel.
The lemure shouts!
Your grab misses Pikel. The adder barely misses you.
The lemure completely misses you.
Pikel hits you with a +1 whip of electrocution.
You are electrocuted!!
* * * LOW HITPOINT WARNING * * *
The adder bites you.
* * * LOW HITPOINT WARNING * * *
You feel much better. The lemure closely misses you.
Pikel hits you with a +1 whip of electrocution!
The adder completely misses you.
You hit Pikel but do no damage.
Pikel is poisoned.
Your grab misses Pikel. The lemure hits you. Pikel barely misses you.
The adder barely misses you.
You hit Pikel but do no damage. You grab Pikel.
You constrict Pikel, but do no damage. The adder bites you.
The lemure hits you.
* * * LOW HITPOINT WARNING * * *
Pikel hits you with a +1 whip of electrocution.
* * * LOW HITPOINT WARNING * * *
You are electrocuted!
You die...
Pikel says, "Another soul for the market."
Fedhas appreciates your contribution to the ecosystem.

##.#....# #...........
.###.... #...........
..##...# #+##...........
...#...###.###'#######..
...#........#........# .
...#........#........#
#..'........#........#
#..'........'...55...#
...#...##...#..K@S...#
...#...##...###+######
...#...##...#
..##...#....#
.###...#....+ ##
#...#....# # #...#....#
#...##...# #+###


You could see Pikel (very poisoned), 2 lemures and an adder.

Vanquished Creatures
  An ogre (D:4)
  2 lemures
  3 kobold brigands
  Crazy Yiuf (D:2)
  A hound (D:5)
  An orc priest (D:4)
  An iguana (D:4)
  Natasha (twice) (D:3)
  3 adders
  2 worms (D:3)
  5 dart slugs
  9 orcs (D:4)
  4 ball pythons
  6 endoplasms
  5 giant cockroaches
  4 goblins
  9 hobgoblins
  6 jackals
  5 bats
  4 frilled lizards
  19 kobolds
  16 rats
109 creatures vanquished.

Notes
Turn   | Place    | Note
-------+----------+-------------------------------------------
     0 | D:1      | javelincjr the Octopode Conjurer began the quest for the
                  | Orb.
     0 | D:1      | Reached XP level 1. HP: 11/11 MP: 3/3
   254 | D:1      | Reached XP level 2. HP: 15/17 MP: 0/5
   542 | D:1      | Reached XP level 3. HP: 21/21 MP: 4/6
   569 | D:1      | Learned a level 2 spell: Searing Ray
   627 | D:1      | Learned a level 3 spell: Stone Arrow
   728 | D:2      | Found Ruin's Weapon Emporium.
   872 | D:2      | Found Xeuth's Distillery.
   877 | D:2      | Bought a potion of heal wounds for 55 gold pieces
   877 | D:2      | Bought a potion of curing for 33 gold pieces
  1229 | D:2      | Found Vumaemaf's Magic Scroll Emporium.
  1301 | D:2      | Found Ceggitza's Weapon Shop.
  1388 | D:2      | Found Kicoyru's Magic Scroll Shoppe.
  1556 | D:2      | Reached XP level 4. HP: 27/27 MP: 3/7
  1648 | D:2      | Found a runed translucent door.
  1649 | D:2      | Noticed Crazy Yiuf
  1656 | D:2      | Killed Crazy Yiuf
  1923 | D:3      | Found a glowing drain.
  1935 | Sewer    | Entered a sewer
  2170 | Sewer    | Reached XP level 5. HP: 31/31 MP: 6/9
  2280 | Sewer    | Noticed a kobold brigand
  2288 | Sewer    | Killed a kobold brigand
  2649 | D:3      | Found a faded altar of an unknown god.
  2656 | D:3      | Prayed at the altar of an unknown god.
  2656 | D:3      | Became a worshipper of Fedhas Madash
  2656 | D:3      | Reached * piety under Fedhas
  2730 | D:3      | Noticed Natasha
  2732 | D:3      | Killed Natasha
  2733 | D:3      | Reached skill level 5 in Stealth
  2733 | D:3      | Reached XP level 6. HP: 36/36 MP: 5/10
  2815 | D:3      | Reached skill level 5 in Conjurations
  3011 | D:3      | Noticed Natasha
  3018 | D:3      | Killed Natasha
  3293 | D:4      | Reached skill level 1 in Invocations
  3298 | D:4      | Reached skill level 1 in Staves
  3550 | D:4      | Reached XP level 7. HP: 31/41 MP: 6/12
  3618 | D:4      | Identified the +2 dagger of the Orange Skies {freeze,
                  | +Blink rC- rN+++ Dex-3}
  3768 | D:4      | Reached ** piety under Fedhas
  3804 | D:4      | Found a shadowy altar of Dithmenos.
  3891 | D:4      | Found a staircase to the Ecumenical Temple.
  4068 | D:5      | Entered Level 5 of the Dungeon
  4196 | D:5      | Noticed Pikel
  4297 | D:5      | Mangled by Pikel

Illustrated notes

Levels and vault maps discovered:
D:1:      dpeg_arrival_erosion, layout_basic, dreamdust_wishing_well
D:2:      minmay_spotlight, layout_basic, serial_shops, shop, shop_fountains,
          nicolae_shop_tiny_waterfront, shop, nicolae_square_shop,
          uniq_crazy_yiuf_cottage
D:3:      cheibrodos_thug_alley, layout_loops_ring, portal_sewer_entry_a,
          ebering_ecumenical_altar_mist, uniq_natasha
D:4:      layout_basic, mainiacjoe_overflow_surrounded_room,
          minmay_temple_entry_proselytizer
D:5:      layout_gridville, nicolae_gozag_cash_rules_everything_around_me,
          serial_shops, nicolae_square_shop, kennysheep_cross_room,
          guppyfry_shop_venom, uniq_duvessa, uniq_pikel

Skill      XL: |  1  2  3  4  5  6 |
---------------+-------------------+-----
Stealth        | 3 4 5 |  5.8
Dodging        | 3 |  3.9
Spellcasting   | 3 |  3.9
Conjurations   | 5 |  5.4
Invocations    | 1 |  1.7
Staves         | 1 |  1.6

Action                     |  1- 3 |  4- 6 |  7- 9 || total
---------------------------+-------+-------+-------++-------
  Melee: Unarmed           |    40 |       |       ||    40
         Tentacles         |     8 |     6 |     2 ||    16
         Constrict         |     9 |     7 |     8 ||    24
         Quarterstaff      |       |    35 |    32 ||    67
         Punch             |       |     1 |     2 ||     3
   Cast: Magic Dart        |    68 |    61 |    10 ||   139
         Searing Ray       |     1 |     5 |     1 ||     7
         Stone Arrow       |       |     3 |     3 ||     6
    Use: Potion            |       |       |     1 ||     1
   Stab: Sleeping          |     1 |     3 |     1 ||     5
 Armour: Skin              |    16 |    17 |    16 ||    49
  Dodge: Dodged            |    27 |    25 |    33 ||    85

Table legend: (Time is in decaauts)
 A = Elapsed time spent in this place.
 B = Non-inter-level travel time spent in this place.
 C = Inter-level travel time spent in this place.
 D = Time resting spent in this place.
 E = Time spent auto-exploring this place.
 F = Levels seen in this place.
 G = Mean time per level.
                   A        B        C        D        E       F      G
               +--------+--------+--------+--------+--------+-----+--------+
         Total |   4312 |   4259 |     53 |    176 |   3482 |   6 |  718.7 |
       Dungeon |   3878 |   3825 |     53 |    176 |   3131 |   5 |  775.6 |
         Sewer |    434 |    434 |      0 |      0 |    351 |   1 |  434.0 |
               +--------+--------+--------+--------+--------+-----+--------+

Top non-repeatable levels by time:
     D:2: 1038 daAuts
     D:3: 1021 daAuts
     D:4: 939 daAuts
     D:1: 728 daAuts
   Sewer: 434 daAuts
     D:5: 151 daAuts
